 Dungeon Crawl Stone Soup version 0.23.2-1-ga50397a (webtiles) character file.

Game seed: 1267598047089645614

99 Kahibar the Conjurer (level 4, -11/24 HPs)
             Began as a Deep Elf Conjurer on May 18, 2019.
             Mangled by Crazy Yiuf
             ... wielding a +3 quarterstaff of chaos
              (12 damage)
             ... on level 3 of the Dungeon.
             The game lasted 00:32:07 (3758 turns).

Kahibar the Conjurer (Deep Elf Conjurer)            Turns: 3758, Time: 00:32:07

Health: -11/24     AC:  7    Str:  6    XL:     4   Next: 45%
Magic:  5/11       EV: 13    Int: 20    God:
Gold:   143        SH:  0    Dex: 15    Spells: 7/10 levels left

rFire    . . .     SeeInvis +   a - +2 dagger (holy)
rCold    . . .     Gourm    .   (no shield)
rNeg     . . .     Faith    .   o - +0 robe
rPois    .         Spirit   .   x - +2 hat
rElec    .         Reflect  .   w - +0 cloak
rCorr    .         Harm     .   t - +0 pair of gloves
MR       .....                  u - +0 pair of boots
Stlth    ++........             (no amulet)
HPRegen  0.08/turn              r - ring of see invisible
MPRegen  0.12/turn              (no ring)

@: hasted, very quick
A: no striking features
a: no special abilities


You were on level 3 of the Dungeon.
You were hungry.

You visited 1 branch of the dungeon, and saw 3 of its levels.

You collected 143 gold pieces.

Inventory:

Hand Weapons
 a - a +2 dagger of holy wrath (weapon)
 m - a +0 short sword
Missiles
 d - 93 stones (quivered)
 j - 43 arrows
 y - 27 sling bullets
Armour
 o - a +0 robe (worn)
 t - a +0 pair of gloves (worn)
 u - a +0 pair of boots (worn)
 w - a +0 cloak (worn)
 x - a +2 hat (worn)
Jewellery
 r - a ring of see invisible (left hand)
 v - an uncursed ring of protection from magic {unknown}
Scrolls
 h - 3 scrolls of fear
 p - a scroll of teleportation {unknown}
Potions
 f - a potion of degeneration {unknown}
 k - a potion of cancellation {unknown}
 l - 2 potions of heal wounds
 z - a potion of might {unknown}
Comestibles
 c - 7 rations


   Skills:
 + Level 0.1 Short Blades
 + Level 0.3 Throwing
 + Level 2.8 Dodging
 + Level 2.6 Stealth
 + Level 3.8 Spellcasting
 + Level 5.7 Conjurations
 + Level 0.4 Summonings


You had 7 spell levels left.
You knew the following spells:

 Your Spells              Type           Power        Failure   Level  Hunger
a - Magic Dart            Conj           ####         1%          1    None
b - Call Imp              Summ           #.......     16%         2    ##.....

Your spell library contained the following spells:

 Spells                   Type           Power        Failure   Level  Hunger
 Searing Ray              Conj           ####..       1%          2    ##.....
 Conjure Flame            Conj/Fire      ###.....     12%         3    ###....
 Dazzling Spray           Conj/Hex       ###...       12%         3    ###....
 Iskenderun's Mystic Bla  Conj           ####....     12%         4    ####...
 Mephitic Cloud           Conj/Pois/Air  ##......     19%         3    ###....
 Blink                    Tloc           N/A          21%         2    ##.....
 Slow                     Hex            #.......     21%         2    ##.....
 Force Lance              Conj/Tloc      ###.....     36%         4    ####...
 Fulminant Prism          Conj/Hex       ###.......   36%         4    ####...


Dungeon Overview and Level Annotations

Branches:
Dungeon (3/15)

Altars:
Elyvilon
Trog
Uskayaw
Yredelemnul
Zin

Annotations:
D:3 Crazy Yiuf


Message History

Confirm with . or Enter, or press ? or * to list all spells.
Aiming: Magic Dart (safe; 1% risk of failure)
Press: ? - help, Shift-Dir - straight line, f/p - Crazy Yiuf
Aim: Crazy Yiuf, wielding a +3 quarterstaff of chaos and wearing a +0 cloak (heavily wounded)
The magic dart hits Crazy Yiuf.
Crazy Yiuf is severely wounded.
Crazy Yiuf hits you with a +3 quarterstaff of chaos!
* * * LOW HITPOINT WARNING * * *
You feel yourself speed up.
Casting: Magic Dart (safe; 1% risk of failure)
Confirm with . or Enter, or press ? or * to list all spells.
Aiming: Magic Dart (safe; 1% risk of failure)
Press: ? - help, Shift-Dir - straight line, f/p - Crazy Yiuf
Aim: Crazy Yiuf, wielding a +3 quarterstaff of chaos and wearing a +0 cloak (severely wounded)
The magic dart hits Crazy Yiuf.
Crazy Yiuf is almost dead.
Your crimson imp blinks!
Crazy Yiuf hits you with a +3 quarterstaff of chaos!
Ouch! That really hurt!
You die...

...#..##...### ##.#
.....####.## #.#
..#.####..# #.#
.#)..##...# #.#
...#....### ##.###
.#...##.# #####.....
.##.#####
♣♣♣♣♣##..###.### .##.#
### ♣♣♣.♣....#.#######
.##.#
#..)#♣@5♣.♣P...........
.##.#####
#...§g♣♣♣♣PP....#######
.##.....# #)..#♣♣
♣♣P...## .....#### ###
♣♣#### .###.# .###.####
........# ###
.##...######## #.#
.............# #.# ##


You could see Crazy Yiuf and a friendly crimson imp.

Vanquished Creatures
  An adder (D:2)
  2 oozes
  2 dart slugs (D:2)
  4 worms (D:2)
  A leopard gecko (D:2)
  6 orcs (D:3)
  9 bats
  3 giant cockroaches
  7 goblins
  A hobgoblin (D:2)
  A ball python (D:2)
  3 frilled lizards
  8 kobolds
  7 rats
  A fungus (D:3)
56 creatures vanquished.

Vanquished Creatures (collateral kills)
  An ooze (D:3)
  A goblin (D:3)
  A kobold (D:3)
  A rat (D:3)
4 creatures vanquished.

Grand Total: 60 creatures vanquished

Notes
Turn   | Place    | Note
-------+----------+-------------------------------------------
     0 | D:1      | Kahibar the Deep Elf Conjurer began the quest for the Orb.
     0 | D:1      | Reached XP level 1. HP: 10/10 MP: 6/6
   590 | D:1      | Reached XP level 2. HP: 15/15 MP: 6/8
  1129 | D:2      | Reached skill level 5 in Conjurations
  1477 | D:2      | Reached XP level 3. HP: 19/19 MP: 5/9
  1780 | D:2      | Found a basalt altar of Yredelemnul.
  2535 | D:2      | Found a bloodstained altar of Trog.
  2644 | D:3      | Reached XP level 4. HP: 24/24 MP: 9/11
  2676 | D:3      | Learned a level 2 spell: Call Imp
  3097 | D:3      | Found a faded altar of an unknown god.
  3121 | D:3      | Found a hide-covered altar of Uskayaw.
  3245 | D:3      | Found a white marble altar of Elyvilon.
  3309 | D:3      | Found a glowing silver altar of Zin.
  3684 | D:3      | Found a runed translucent door.
  3685 | D:3      | Noticed Crazy Yiuf
  3757 | D:3      | HP: 1/24 [Crazy Yiuf/+3 quarterstaff of chaos (9)]
  3758 | D:3      | Mangled by Crazy Yiuf

Skill      XL: |  1  2 |
---------------+-------+-----
Conjurations   | 5 |  5.7
Short Blades   | |  0.1
Throwing       | |  0.3
Dodging        | |  2.8
Stealth        | |  2.6
Spellcasting   | |  3.8
Summonings     | |  0.4

Action                   |  1- 3 |  4- 6 || total
-------------------------+-------+-------++-------
Melee: Short sword       |     5 |       ||     5
       Dagger            |       |    28 ||    28
Throw: Stone             |     9 |       ||     9
 Cast: Magic Dart        |    97 |    32 ||   129
       Call Imp          |       |     3 ||     3
  Use: Scroll            |       |     6 ||     6
  Eat: Chunk             |     5 |     3 ||     8
Armor: Robe              |     7 |     2 ||     9
Dodge: Dodged            |    24 |     5 ||    29
